 Dungeon Crawl Stone Soup version 0.21.0-26-g889b8f6872 (console) character file.

179 2d6 the Skirmisher (level 5, 0/42 HPs)
             Began as a Mummy Wanderer on Jan 27, 2018.
             Was an Initiate of Trog.
             Killed from afar by Crazy Yiuf (10 damage)
             ... with a wand of flame (27)
             ... on level 2 of the Dungeon.
             The game lasted 00:13:03 (3354 turns).

2d6 the Skirmisher (Mummy Wanderer)                 Turns: 3354, Time: 00:13:04

Health: 0/42       AC:  8    Str: 16    XL:     5   Next: 33%
Magic:  3/5        EV: 10    Int: 14    God:    Trog [......]
Gold:   164        SH:  0    Dex:  9    Spells: 4/4 levels left

rFire    x . .     SeeInvis .   a - +2 mace
rCold    + . .     Gourm    .   (no shield)
rNeg     + + +     Faith    .   c - +0 ring mail
rPois    ∞         Spirit   .   b - +0 helmet
rElec    .         Reflect  .   h - +1 cloak
rCorr    .         Harm     +   (no gloves)
MR       .....                  (no boots)
Stlth    +.........             n - amulet of harm
HPRegen  0.14/turn              (no ring)
MPRegen  0.09/turn              (no ring)

@: no status effects
A: no food or potions, fire vulnerability, cold resistance 1, negative energy
resistance 3, torment resistance, unbreathing
a: Burn Spellbooks, Renounce Religion


You were on level 2 of the Dungeon.
You worshipped Trog.
Trog was noncommittal.
You were not hungry.

You visited 1 branch of the dungeon, and saw 2 of its levels.

You collected 164 gold pieces.

Inventory:

Hand Weapons
 a - a +2 mace (weapon)
 f - a +1 short sword of freezing
 k - a cursed -3 dagger
Missiles
 i - 41 stones (quivered)
 m - 8 tomahawks
Armour
 b - a +0 helmet (worn)
 c - a +0 ring mail (worn)
 h - a +1 cloak (worn)
Jewellery
 n - an amulet of harm (around neck)
Scrolls
 d - a scroll of remove curse
 e - 3 scrolls of teleportation
 g - 2 scrolls of identify {unknown}
 j - a scroll of blinking {unknown}
 l - a scroll of enchant weapon {unknown}


   Skills:
 + Level 4.1 Fighting
 - Level 3.0 Maces & Flails
 - Level 1.0 Throwing
 - Level 3.1 Armour
 - Level 2.0 Stealth


You had 4 spell levels left.
You didn't know any spells.

Dungeon Overview and Level Annotations

Branches:
Dungeon (2/15)

Altars:
Qazlal
Trog

Annotations:
D:2 Crazy Yiuf


Innate Abilities, Weirdness & Mutations

You do not eat or drink.
Your flesh is vulnerable to fire.
You are immune to poison.
Your flesh is cold resistant. (rC+)
You are immune to negative energy. (rN+++)
You are immune to unholy pain and torment.
You can survive without breathing.


Message History

Crazy Yiuf hits you with a quarterstaff of chaos.
You feel your power leaking away.
You hit Crazy Yiuf.
Crazy Yiuf is almost dead.
Crazy Yiuf flaps his cloak.
Crazy Yiuf hits you with a quarterstaff of chaos.
You closely miss Crazy Yiuf.
Crazy Yiuf is almost dead.
Crazy Yiuf hits you with a quarterstaff of chaos.
* * * LOW HITPOINT WARNING * * *
Crazy Yiuf freezes you.
* * * LOW HITPOINT WARNING * * *
Crazy Yiuf closely misses you.
You can't drink.
Okay, then.
Crazy Yiuf zaps a wand.
The puff of flame hits you!
* * * LOW HITPOINT WARNING * * *
Crazy Yiuf zaps a wand.
The puff of flame hits you! The fire burns you terribly!
You die...

#.......#
#.......#
#######.# #.##
#..# #### #####.#
#)..### ##P....#
#..g'.####P.....#
#...##@.#.P....##
#### ###.#....##
########


You could see Crazy Yiuf.

Vanquished Creatures
  A scorpion (D:2)
  A worker ant (D:2)
  3 adders (D:2)
  2 oozes
  4 dart slugs
  A leopard gecko (D:1)
  A ball python (D:1)
  2 giant cockroaches (D:1)
  7 goblins
  6 hobgoblins
  8 jackals (D:1)
  5 kobolds
  A quokka (D:2)
  9 bats
  5 frilled lizards
  3 rats
59 creatures vanquished.

Notes
Turn   | Place    | Note
-------+----------+-------------------------------------------
     0 | D:1      | 2d6 the Mummy Wanderer began the quest for the Orb.
     0 | D:1      | 2d6 set off with: a +2 mace, a scroll of teleportation, a +0 ring mail
     0 | D:1      | Reached XP level 1. HP: 16/16 MP: 1/1
   250 | D:1      | Reached XP level 2. HP: 18/22 MP: 2/2
   688 | D:1      | Reached XP level 3. HP: 27/27 MP: 3/3
  1657 | D:2      | Reached skill level 3 in Fighting
  1657 | D:2      | Reached XP level 4. HP: 23/35 MP: 4/4
  1724 | D:2      | Upgraded the game from 0.21.0-25-ge575cb9ce8 to 0.21.0-26-g889b8f6872
  1797 | D:2      | Found a stormy altar of Qazlal.
  2538 | D:2      | Found a bloodstained altar of Trog.
  2546 | D:2      | Became a worshipper of Trog the Wrathful
  3049 | D:2      | Reached skill level 4 in Fighting
  3049 | D:2      | Reached XP level 5. HP: 23/42 MP: 5/5
  3341 | D:2      | Found a runed door.
  3345 | D:2      | Noticed Crazy Yiuf
  3354 | D:2      | Killed from afar by Crazy Yiuf

Skill      XL: |  1  2  3  4 |
---------------+-------------+-----
Maces & Flails | 3 |  3.0
Stealth        | 2 |  2.0
Fighting       | 3 4 |  4.1
Armour         | 3 |  3.1
Throwing       | |  1.0

Action                   |  1- 3 |  4- 6 || total
-------------------------+-------+-------++-------
Melee: Mace              |   115 |   101 ||   216
Throw: Stone             |     6 |    29 ||    35
  Use: Scroll            |     1 |     1 ||     2
Armor: Ring mail         |    61 |    44 ||   105
Dodge: Dodged            |    57 |    49 ||   106
